 Dungeon Crawl Stone Soup version 0.26-a0-672-g1df16c3386 (webtiles) character file.

Game seed: 7064067963405613522

793 lunkers the Insei (level 7, -2/52 HPs)
             Began as a Black Draconian Transmuter on Oct 19, 2020.
             Was an Initiate of Ru.
             Killed by nerve-wracking pain
             ... invoked by Menkaure
              (13 damage)
             ... on level 5 of the Dungeon.
             The game lasted 00:06:57 (5297 turns).

lunkers the Insei (Black Draconian Transmuter)      Turns: 5297, Time: 00:06:58

Health: -2/52      AC:  2    Str: 13    XL:     7   Next: 57%
Magic:  0/10       EV: 19    Int: 13    God:    Ru [......]
Gold:   165        SH:  0    Dex: 18    Spells: 1/10 levels left

rFire    . . .     SeeInvis .     - Unarmed
rCold    . . .     Faith    .   (shield currently unavailable)
rNeg     . . .     Spirit   +   (armour unavailable)
rPois    x         Reflect  .   (helmet currently unavailable)
rElec    .         Harm     .   (cloak currently unavailable)
rCorr    .         Rampage  .   (gloves currently unavailable)
MR       .....                  (boots currently unavailable)
Stlth    ++........             q - amulet of guardian spirit
HPRegen  0.17/turn              (no ring)
MPRegen  0.12/turn              (no ring)

@: spider-form (expiring)
A: tiny, (breathe lightning), unfitting armour, AC +6
a: End Transformation, Sacrifice Stealth, Sacrifice Nimbleness, Sacrifice
Arcana, Reject Sacrifices, Renounce Religion


You were on level 5 of the Dungeon.
You worshipped Ru.
Ru was noncommittal.
You were a venomous arachnid creature.
You visited 1 branch of the dungeon, and saw 5 of its levels.

You collected 165 gold pieces.

Inventory:

Armour
 s - the +2 hat of Vanity (melded) {rF++ rCorr}
   (You found it on level 4 of the Dungeon)

   It greatly protects you from fire.
   It provides partial protection from all sources of acid and corrosion.
Jewellery
 q - an amulet of guardian spirit (around neck)
 u - a +6 ring of strength {unknown}
Wands
 p - a wand of iceblast (10)
Scrolls
 a - 4 scrolls of teleportation {unknown}
 b - 7 scrolls of identify {unknown}
 c - a scroll of fog {unknown}
 d - a scroll of immolation {unknown}
 g - 3 scrolls of remove curse {unknown}
 i - 2 scrolls of enchant armour {unknown}
 j - a scroll of fear {unknown}
 o - 3 scrolls of magic mapping {unknown}
 v - a scroll of random uselessness {unknown}
Potions
 e - 3 potions of lignification {unknown}
 f - a potion of cancellation {unknown}
 h - a potion of resistance {unknown}
 k - a potion of flight {unknown}
 l - 2 potions of invisibility
 m - a potion of berserk rage {unknown}
 n - a potion of mutation {unknown}
 r - 2 potions of haste {unknown}
 t - a potion of ambrosia {unknown}


   Skills:
 - Level 1.1 Fighting
 - Level 1.7 Dodging
 + Level 7.4 Unarmed Combat
 - Level 2.0 Spellcasting
 + Level 5.5 Transmutations


You had one spell level left.
You knew the following spells:

 Your Spells              Type           Power        Failure   Level
c - Spider Form           Tmut/Pois      #.........   45%         3
d - Blade Hands           Tmut           ###.......   78%         5
p - Beastly Appendage     Tmut           ###...       10%         1

Your spell library contained the following spells:

 Spells                   Type           Power        Failure   Level
 Wereblood                Tmut           ###.....     13%         2
 Ice Form                 Ice/Tmut       #.......     82%         4


Dungeon Overview and Level Annotations

Branches:
Dungeon (5/15)
 Temple: D:4-7

Altars:
Dithmenos
Elyvilon
Kikubaaqudgha
Makhleb
Ru
Xom
The Shining One

Annotations:
D:5 Menkaure


Innate Abilities, Weirdness & Mutations

((You can breathe wild blasts of lightning.))
((Your glossy black scales are hard. (AC +6)))
You cannot fit into any form of body armour.
((You are resistant to electric shocks. (rElec)))
((You are cold-blooded and may be slowed by cold attacks.))


Message History

* * * LOW HITPOINT WARNING * * *
You hit Menkaure.
Menkaure is lightly damaged.
Menkaure hits you!!
* * * LOW MAGIC WARNING * * *
* * * LOW HITPOINT WARNING * * *
You hit Menkaure but do no damage.
Menkaure is lightly damaged.
Menkaure misses you.
Unknown command.
You bite Menkaure!
Menkaure is moderately damaged.
Your transformation is almost over.
Unknown command.
You bite Menkaure!
Menkaure is almost destroyed.
Menkaure casts a spell at you. Pain shoots through your body!
* * * LOW MAGIC WARNING * * *
You die...

#.......#
..#
.#####..#
#.# #..###
#.# #..<..
#.# #..###
#.#
######..#
#.#
#.......#
#M#
#.####.####
#s# #.#
#...†. #.#
#.# #)####
#.######.#
#.#
#........#
#.#
##########
#.# #.####
#.....
###### #


You could see Menkaure.

Vanquished Creatures
  Sigmund (D:2)
  A centaur (D:2)
  A scorpion (D:4)
  A howler monkey (D:3)
  A hound (D:5)
  2 orc priests (D:4)
  5 orc wizards
  2 worker ants
  Robin (D:2)
  3 gnolls (D:5)
  4 adders
  An ufetubus (D:5)
  5 dart slugs
  A leopard gecko (D:2)
  4 orcs
  7 bats
  5 giant cockroaches
  17 goblins
  12 hobgoblins
  6 jackals
  3 quokkas (D:3)
  5 frilled lizards
  9 kobolds
  9 rats
106 creatures vanquished.

Notes
Turn   | Place    | Note
-------+----------+-------------------------------------------
     0 | D:1      | lunkers the Draconian Transmuter began the quest for the
                  | Orb.
     0 | D:1      | Reached XP level 1. HP: 16/16 MP: 3/3
    54 | D:1      | Reached XP level 2. HP: 23/23 MP: 3/5
   519 | D:1      | Found a glowing golden altar of the Shining One.
   831 | D:1      | Reached XP level 3. HP: 26/28 MP: 6/6
  1032 | D:1      | Reached skill level 4 in Unarmed Combat
  1155 | D:2      | Found a white marble altar of Elyvilon.
  1309 | D:2      | Learned a level 3 spell: Spider Form
  1320 | D:2      | Found a sacrificial altar of Ru.
  1344 | D:2      | Reached XP level 4. HP: 15/35 MP: 5/7
  2023 | D:2      | Noticed Sigmund
  2035 | D:2      | Killed Sigmund
  2035 | D:2      | Reached skill level 5 in Unarmed Combat
  2035 | D:2      | Reached XP level 5. HP: 40/40 MP: 4/8
  2124 | D:2      | Reached XP level 6. HP: 43/47 MP: 9/9
  2154 | D:2      | Noticed Robin
  2184 | D:2      | Killed Robin
  2452 | D:2      | Became a worshipper of Ru the Awakened
  2517 | D:2      | Found a burning altar of Makhleb.
  2715 | D:2      | Reached skill level 6 in Unarmed Combat
  4118 | D:3      | Found a shadowy altar of Dithmenos.
  4119 | D:3      | Found an ancient bone altar of Kikubaaqudgha.
  4293 | D:4      | Learned a level 5 spell: Blade Hands
  4358 | D:4      | Your scales start taking on a glossy black colour.
  4358 | D:4      | Reached XP level 7. HP: 41/52 MP: 2/10
  4358 | D:4      | Gained mutation: You are resistant to electric shocks.
                  | (rElec) [Black Draconian growth]
  4474 | D:4      | Found a shimmering altar of Xom.
  4533 | D:4      | Got a spiked hat
  4539 | D:4      | Identified the +2 hat of Vanity {rF++ rCorr} (You found it
                  | on level 4 of the Dungeon)
  4648 | D:4      | Reached skill level 7 in Unarmed Combat
  4648 | D:4      | Reached skill level 5 in Transmutations
  5098 | D:5      | Entered Level 5 of the Dungeon
  5289 | D:5      | Noticed Menkaure
  5297 | D:5      | Killed from afar by Menkaure

Illustrated notes

Levels and vault maps discovered:
D:1:      lemuel_arrival_rhombus, layout_basic, tso_altar
D:2:      layout_basic, lemuel_crystal_altar,
          nicolae_ru_great_annihilating_truth, ebering_dispersal_statue_hall,
          chequers_serial_rivers_marsh, elyvilon_altar_5, uniq_robin,
          uniq_sigmund
D:3:      layout_loops_ring, minitemple
D:4:      layout_loops_ring, brannock_xom_greatest_gift
D:5:      layout_loops_ring, old_standard_altar, minmay_misc_feat_five,
          uniq_menkaure

Skill      XL: |  1  2  3  4  5  6  7 |
---------------+----------------------+-----
Unarmed Combat | 4 5 6 7 |  7.4
Transmutations | 3 4 5 |  5.5
Fighting       | |  1.1
Dodging        | |  1.7
Spellcasting   | |  2.0

Action                   |  1- 3 |  4- 6 |  7- 9 || total
-------------------------+-------+-------+-------++-------
Melee: Unarmed           |   100 |   160 |    51 ||   311
       Kick              |    12 |     7 |       ||    19
       Tailslap          |     8 |     5 |     2 ||    15
       Headbutt          |     5 |     7 |       ||    12
       Punch             |       |     4 |       ||     4
 Cast: Beastly Appendage |    12 |     9 |       ||    21
       Spider Form       |       |    20 |     6 ||    26
 Stab: Sleeping          |       |     2 |     1 ||     3
       Paralysed         |       |     1 |       ||     1
Armor: Skin              |    24 |    38 |     5 ||    67
Dodge: Dodged            |    64 |   131 |    28 ||   223

Table legend: (Time is in decaauts)
 A = Elapsed time spent in this place.
 B = Non-inter-level travel time spent in this place.
 C = Inter-level travel time spent in this place.
 D = Time resting spent in this place.
 E = Time spent auto-exploring this place.
 F = Levels seen in this place.
 G = Mean time per level.
                   A        B        C        D        E       F      G
               +--------+--------+--------+--------+--------+-----+--------+
         Total |   5271 |   5160 |    111 |    415 |   3967 |   5 | 1054.2 |
       Dungeon |   5271 |   5160 |    111 |    415 |   3967 |   5 | 1054.2 |
               +--------+--------+--------+--------+--------+-----+--------+

Top non-repeatable levels by time:
     D:2: 1605 daAuts
     D:1: 1426 daAuts
     D:3: 1102 daAuts
     D:4: 941 daAuts
     D:5: 195 daAuts
